 Dungeon Crawl Stone Soup version 0.23.2-30-g0e89c35649 (webtiles) character file.

Game seed: 6409380665985692142

93670 viktor89 the Naga Aeon (level 16, -6/147 (148) HPs)
             Began as a Naga Venom Mage on June 7, 2019.
             Was the Champion of Cheibriados.
             Mangled by a two-headed ogre
             ... wielding a +0 giant spiked club
              (14 damage)
             ... on level 2 of the Orcish Mines.
             The game lasted 01:31:47 (28896 turns).

viktor89 the Naga Aeon (Naga Venom Mage)           Turns: 28896, Time: 01:31:47

HP:   -6/147 (148)  AC: 16    Str: 34    XL:     16   Next: 9%
MP:   9/30          EV:  9    Int: 45    God:    Cheibriados [******]
Gold: 1627          SH: 15    Dex: 33    Spells: 8/35 levels left

rFire    + . .     SeeInvis +   Y - +7 war axe "Gieji" {flame, Str+4}
rCold    + + +     Gourm    .   s - +0 shield
rNeg     + . .     Faith    +   S - +4 robe of Augmentation {Str+4 Int+4 Dex+4}
rPois    +         Spirit   .   b - -2 hat of the Alchemist {rElec rPois rF+ rC+ rN+ MR+ rMut rCorr}
rElec    +         Reflect  .   m - +0 cloak
rCorr    +         Harm     .   r - +1 pair of gloves
rMut     +                      a - +1 naga barding {rC+}
MR       +++..                  Q - amulet of faith
Stlth    +++++.....             l - +6 ring of intelligence
HPRegen  0.34/turn              y - ring of protection from cold
MPRegen  0.22/turn

@: very slow
A: large, see invisible, deformed body, poison resistance, slowness 2, slow
metabolism 1, spit poison 1, constrict 1, AC +5
a: Spit Poison, Bend Time, Temporal Distortion, Slouch, Step From Time, Renounce
Religion


You were on level 2 of the Orcish Mines.
You worshipped Cheibriados.
Cheibriados was exalted by your worship.
You were hungry.

You visited 4 branches of the dungeon, and saw 21 of its levels.
You also visited: Volcano.

You collected 2208 gold pieces.
You spent 581 gold pieces at shops.

Inventory:

Hand Weapons
 w - a +0 hunting sling of freezing
 Y - the +7 war axe "Gieji" (weapon) {flame, Str+4}
   (You found it on level 12 of the Dungeon)

   It has been specially enchanted to burn those struck by it, causing extra
   injury to most foes and up to half again as much damage against particularly
   susceptible opponents.
   Big, fiery blades are also staple armaments of hydra-hunters.
   It affects your strength (+4).
Missiles
 d - 565 stones (quivered)
 J - 2 throwing nets
Armour
 a - a +1 naga barding of cold resistance (worn)
 b - the -2 hat of the Alchemist (worn) {rElec rPois rF+ rC+ rN+ MR+ rMut rCorr}
   (You acquired it on level 9 of the Dungeon)

   It protects you from fire.
   It protects you from cold.
   It insulates you from electricity.
   It protects you from poison.
   It protects you from negative energy.
   It affects your resistance to hostile enchantments.
   It provides partial protection from all sources of acid and corrosion.
   It protects you from mutation.
 m - a +0 cloak (worn)
 q - a +3 leather armour of fire resistance
 r - a +1 pair of gloves (worn)
 s - a +0 shield (worn)
 O - +0 ice dragon scales
 S - the +4 robe of Augmentation (worn) {Str+4 Int+4 Dex+4}
   (You bought it in a shop on level 6 of the Dungeon)

   It affects your strength (+4).
   It affects your intelligence (+4).
   It affects your dexterity (+4).
Magical Staves
 A - an uncursed staff of wizardry {unknown}
 F - an uncursed staff of conjuration
Jewellery
 l - a +6 ring of intelligence (left hand)
 n - an uncursed ring of resist corrosion
 y - a ring of protection from cold (right hand)
 L - an uncursed amulet of the acrobat {unknown}
 Q - an amulet of faith (around neck)
 T - an uncursed ring of protection from magic
 W - an uncursed amulet of the acrobat {unknown}
Wands
 e - a wand of digging (5)
 D - a wand of polymorph (9)
 G - a wand of enslavement (11)
 P - a wand of acid (13)
 X - a wand of clouds (6)
Scrolls
 f - 3 scrolls of fog
 g - 7 scrolls of amnesia
 i - 5 scrolls of teleportation
 j - 12 scrolls of remove curse
 t - 3 scrolls of identify
 x - 4 scrolls of magic mapping
 H - a scroll of summoning
 M - 4 scrolls of fear
 R - 4 scrolls of blinking
 V - 5 scrolls of enchant weapon
Potions
 h - 5 potions of curing
 k - 2 potions of might
 o - 2 potions of mutation
 p - a potion of cancellation
 u - 4 potions of heal wounds
 v - 4 potions of lignification
 z - 4 potions of agility
 C - 6 potions of flight
 E - 2 potions of resistance
 I - 2 potions of haste
 K - a potion of magic
 N - a potion of ambrosia
 U - a potion of invisibility
 Z - 6 potions of brilliance
Comestibles
 c - 42 rations


   Skills:
 + Level 10.8 Fighting
   Level 2.5 Short Blades
 + Level 6.0(7.1) Axes
   Level 6.0(7.1) Maces & Flails
 - Level 2.0 Dodging
 - Level 9.0 Stealth
 + Level 8.8 Shields
 + Level 10.1 Spellcasting
 - Level 7.0 Conjurations
 - Level 3.0 Hexes
 + Level 5.8 Summonings
 - Level 6.0 Fire Magic
 - Level 2.0 Air Magic
 - Level 11.0 Poison Magic
 + Level 12.4 Invocations


You had 8 spell levels left.
You knew the following spells:

 Your Spells              Type           Power        Failure   Level  Hunger
a - Sting                 Conj/Pois      ####         1%          1    None
b - Poisonous Vapours     Pois/Air       ######       1%          2    None
c - Mephitic Cloud        Conj/Pois/Air  ######..     1%          3    None
d - Olgreb's Toxic Radia  Pois           #######.     1%          4    None
e - Conjure Flame         Conj/Fire      ######..     1%          3    None
f - Sticky Flame          Conj/Fire      ######..     1%          4    None
g - Summon Mana Viper     Hex/Summ       ######..     6%          5    None
h - Fireball              Conj/Fire      ######....   2%          5    None

Your spell library contained the following spells:

 Spells                   Type           Power        Failure   Level  Hunger
 Flame Tongue             Conj/Fire      #####        1%          1    None
 Infusion                 Chrm           ###.         1%          1    None
 Shock                    Conj/Air       ####         1%          1    None
 Shroud of Golubria       Chrm/Tloc      ###.......   1%          2    None
 Song of Slaying          Chrm           ###.....     1%          2    None
 Swiftness                Chrm/Air       ####....     1%          2    None
 Throw Flame              Conj/Fire      ######       1%          2    None
 Inner Flame              Hex/Fire       ######..     1%          3    None
 Recall                   Summ/Tloc      N/A          1%          3    None
 Spectral Weapon          Hex/Chrm       #####...     1%          3    None
 Static Discharge         Conj/Air       ######..     1%          3    None
 Venom Bolt               Conj/Pois      #######...   1%          5    None
 Regeneration             Chrm/Necr      ###.......   3%          3    None
 Aura of Abjuration       Summ           ######....   3%          5    None
 Summon Demon             Summ           ######....   3%          5    None
 Airstrike                Air            #####.....   5%          4    None
 Lightning Bolt           Conj/Air       ######....   5%          5    None
 Irradiate                Conj/Tmut      ######....   9%          5    None
 Summon Forest            Summ/Tloc      #####.....   11%         5    None
 Shadow Creatures         Summ           N/A          19%         6    ###....
 Monstrous Menagerie      Summ           ######....   69%         7    #####..
 Summon Greater Demon     Summ           ######....   69%         7    #####..
 Hydra Form               Tmut           ###.......   89%         6    ###....
 Statue Form              Tmut/Erth      ###......    89%         6    ###....
 Malign Gateway           Summ/Tloc      #####.....   97%         7    #####..
 Dragon Form              Tmut           ###.......   100%        7    #####..
 Summon Horrible Things   Summ           ######....   100%        8    ######.


Dungeon Overview and Level Annotations

Branches:
Dungeon (12/15)            Temple (1/1) D:6            Lair (6/6) D:9
 Shoals (0/4) Lair:2        Snake (0/4) Lair:4        Slime (0/5) Lair:6
    Orc (2/2) D:9             Elf (0/3) Orc:2

Altars:
Ashenzari
Cheibriados
Dithmenos
Elyvilon
Fedhas
Gozag
Hepliaklqana
Kikubaaqudgha
Makhleb
Nemelex Xobeh
Okawaru
Qazlal
Ru
Sif Muna
Trog
Uskayaw
Vehumet
Wu Jian
Xom
Yredelemnul
Zin
The Shining One

Shops:
D:6 [   D:8 }:%!(   Orc:1 [

Annotations:
D:7 exclusion: upstairs
Orc:1 Erolcha
Orc:2 Jorgrun


Innate Abilities, Weirdness & Mutations

You cannot wear boots.
Your serpentine skin is tough. (AC +5)
You have supernaturally acute eyesight. (SInv)
Armour fits poorly on your strangely shaped body.
Your system is resistant to poisons. (rPois)
You cover ground very slowly.
You have a slow metabolism.
You can spit poison.
You can use your snake-like lower body to constrict enemies.


Message History

You kill the two-headed ogre!
Cheibriados thoroughly appreciates the change of pace.
You kill the ogre!
Cheibriados thoroughly appreciates the change of pace.
You kill the two-headed ogre!
Cheibriados appreciates the change of pace.
You kill the ogre!
Cheibriados appreciates the change of pace.
You kill the ogre!
Cheibriados thoroughly appreciates the change of pace.
You feel somewhat more hungry.
The two-headed ogre looks even sicker.
The ogre looks even sicker.
The ogre is poisoned.
Your toxic aura wanes.
You kill the ogre!
Cheibriados thoroughly appreciates the change of pace.
You kill the ogre!
Cheibriados appreciates the change of pace.
Your base Axes skill increases to level 6!
The two-headed ogre hits you with a +0 giant spiked club!
You die...

#..................#.
#................)).. .
#.................... ).
#........#..........[
...#....#.####<.#.......
.).)))...###....##.#....
))O.))).........#.#....#
..#.))))..........#..##
#..O@)....#....##...#
#.)###........####.##
#.. #.....#...# ### #.
##.#.....### # #.
####....#.## #
##...#...# ###
#........###..
##.........#...
#.........##...


You could see a two-headed ogre and an ogre.

Vanquished Creatures
  The ghost of voshxx the Cleaver, a journeyman MiFi of the Shining One (Lair:4)
  Fannar (Lair:1)
  A catoblepas (Lair:6)
  6 hydras
  16 two-headed ogres
  Erica (D:9)
  A dancing weapon (Volcano)
  5 death yaks (Lair:6)
  The ghost of Titania the Geomancer, a novice GrEE of Cheibriados (D:9)
  4 ogre magi
  Urug (Lair:1)
  A deep troll shaman (Lair:6)
  5 wizards (Volcano)
  3 unseen horrors (D:11)
  4 orc sorcerers
  An orc knight (Orc:1)
  A lindwurm (Lair:6)
  A wolf spider zombie (D:12)
  A deep elf mage (D:11)
  3 cyclopes
  A manticore (Lair:2)
  3 ugly things
  6 elephants
  4 toenail golems (Volcano)
  5 black mambas
  8 spiny frogs
  3 rime drakes
  10 komodo dragons
  3 polar bears
  8 trolls
  20 blink frogs
  A hornet (D:11)
  7 hippogriffs
  Sigmund (D:6)
  A wraith (D:12)
  4 wyverns
  28 yaks
  7 basilisks
  3 hungry ghosts
  A warg (Orc:1)
  Edmund (D:4)
  10 porcupines
  16 water moccasins
  3 sky beasts
  3 ice beasts
  An eye of draining (D:12)
  A black bear (D:6)
  A phantom (D:5)
  12 orc warriors
  3 centaurs
  32 ogres
  14 crocodiles
  7 necrophages
  13 wolves
  21 bullfrogs
  A wyvern zombie (D:12)
  2 scorpions
  7 killer bees
  A howler monkey (D:5)
  19 wights
  3 electric eels (D:9)
  2 bullfrog zombies
  4 centaur zombies
  4 hounds
  A quasit (D:9)
  8 crimson imps
  6 jellies
  Crazy Yiuf (D:4)
  11 orc priests
  2 bullfrog skeletons
  2 centaur skeletons
  Jessica (D:2)
  6 iguanas
  11 worker ants
  15 orc wizards
  Terence (D:2)
  A hound skeleton (D:11)
  A mummy (D:12)
  3 worker ant zombies
  2 howler monkey zombies
  3 howler monkey skeletons
  7 gnolls
  19 adders
  4 shadow imps
  An ooze (D:3)
  3 worms
  2 dart slugs
  5 leopard geckos
  64 orcs
  6 giant cockroaches
  8 hobgoblins
  10 jackals
  7 quokkas
  6 ball pythons
  7 bats
  5 frilled lizards
  5 goblins
  A jackal skeleton (D:4)
  A jackal zombie (D:6)
  4 kobolds (D:1)
  A leopard gecko skeleton (D:6)
  A leopard gecko zombie (D:6)
  11 rats
  6 fungi (D:9)
  6 plants
628 creatures vanquished.

Vanquished Creatures (others)
  A toenail golem (Volcano)
  8 fungi
  A plant (Lair:1)
10 creatures vanquished.

Grand Total: 638 creatures vanquished

Notes
Turn   | Place    | Note
-------+----------+-------------------------------------------
     0 | D:1      | viktor89 the Naga Venom Mage began the quest for the Orb.
     0 | D:1      | Reached XP level 1. HP: 15/15 MP: 3/3
   206 | D:1      | Reached XP level 2. HP: 22/22 MP: 5/5
   224 | D:1      | Learned a level 2 spell: Poisonous Vapours
  1180 | D:2      | Reached XP level 3. HP: 30/30 MP: 1/6
  1492 | D:2      | Reached skill level 1 in Air Magic
  1904 | D:2      | Reached XP level 4. HP: 31/37 MP: 2/7
  2066 | D:2      | Noticed Terence
  2069 | D:2      | Killed Terence
  2164 | D:2      | Reached skill level 1 in Fighting
  2223 | D:2      | Noticed Jessica
  2225 | D:2      | Killed Jessica
  2225 | D:2      | Reached skill level 5 in Poison Magic
  2225 | D:2      | Reached XP level 5. HP: 44/44 MP: 3/8
  3333 | D:3      | Reached XP level 6. HP: 27/51 MP: 4/10
  3505 | D:4      | Noticed Edmund
  3512 | D:4      | Killed Edmund
  3847 | D:4      | Found a runed translucent door.
  3848 | D:4      | Noticed Crazy Yiuf
  4062 | D:4      | Reached skill level 5 in Stealth
  4312 | D:4      | Learned a level 3 spell: Mephitic Cloud
  4317 | D:4      | Learned a level 4 spell: Olgreb's Toxic Radiance
  4320 | D:4      | Killed Crazy Yiuf
  4320 | D:4      | Reached XP level 7. HP: 60/60 MP: 7/11
  4403 | D:5      | Entered Level 5 of the Dungeon
  5400 | D:5      | Reached skill level 1 in Maces & Flails
  5417 | D:5      | Reached XP level 8. HP: 67/69 MP: 11/13
  5938 | D:6      | Reached skill level 1 in Shields
  6054 | D:6      | Found a staircase to the Ecumenical Temple.
  6062 | Temple   | Entered the Ecumenical Temple
  6253 | Temple   | Became a worshipper of Cheibriados the Contemplative
  6333 | D:6      | Found Beal's Armour Shop.
  6551 | D:6      | Noticed Sigmund
  6557 | D:6      | Killed Sigmund
  7149 | D:7      | Found a burning altar of Makhleb.
  7238 | D:7      | Reached skill level 1 in Invocations
  7576 | D:7      | Reached * piety under Cheibriados
  7576 | D:7      | Reached skill level 2 in Invocations
  7658 | D:7      | Reached XP level 9. HP: 77/78 MP: 10/15
  7837 | D:7      | Reached skill level 3 in Invocations
  7961 | D:6      | Reached ** piety under Cheibriados
  8041 | D:6      | Noticed a death knight
  8249 | D:6      | Found a shattered altar of Ashenzari.
  8511 | D:7      | Noticed a balrug
  8696 | D:7      | Reached skill level 4 in Invocations
  9035 | D:7      | Learned a level 3 spell: Conjure Flame
  9106 | D:7      | Reached skill level 5 in Spellcasting
  9367 | D:8      | Found Tull's Food Shop.
  9403 | D:8      | Reached skill level 5 in Fighting
  9579 | D:8      | Found Gaupemn's Distillery.
  9590 | D:8      | Found Debolees's Book Shop.
  9642 | D:8      | Found Ficullol's Gadget Boutique.
  9724 | D:8      | Reached *** piety under Cheibriados
  9927 | D:8      | Reached skill level 1 in Fire Magic
 10160 | D:8      | Found Usuuschyx's Weapon Emporium.
 10249 | D:8      | Noticed a two-headed ogre
 10675 | D:9      | Reached skill level 5 in Invocations
 10675 | D:9      | Reached XP level 10. HP: 59/88 MP: 6/17
 11123 | D:9      | Noticed Erica
 11133 | D:9      | Killed Erica
 11290 | D:9      | Reached **** piety under Cheibriados
 11316 | D:9      | Reached skill level 6 in Invocations
 11499 | D:9      | Found a staircase to the Lair.
 11857 | D:9      | Noticed a two-headed ogre
 12646 | D:9      | Found a staircase to the Orcish Mines.
 12934 | D:9      | Found a runed translucent door.
 13041 | D:8      | Found a blossoming altar of Fedhas.
 13415 | D:6      | Bought the +4 robe of Augmentation {Str+4 Int+4 Dex+4} for
                  | 581 gold pieces
 13415 | D:6      | Found the +4 robe of Augmentation {Str+4 Int+4 Dex+4}
 13595 | D:10     | Entered Level 10 of the Dungeon
 14331 | D:10     | Noticed a two-headed ogre
 14340 | D:10     | Killed a two-headed ogre
 14340 | D:10     | Reached skill level 7 in Invocations
 14340 | D:10     | Reached XP level 11. HP: 84/97 MP: 8/20
 14616 | D:11     | Reached skill level 10 in Poison Magic
 14858 | D:11     | Noticed a cyclops
 14873 | D:11     | Killed a cyclops
 15157 | D:11     | Noticed a two-headed ogre
 15161 | D:11     | Noticed a green ugly thing
 15348 | Lair:1   | Entered Level 1 of the Lair of Beasts
 15367 | Lair:1   | Reached skill level 8 in Invocations
 15629 | Lair:1   | Found a dark tunnel.
 15635 | Volcano  | Entered a volcano
 15641 | Volcano  | Noticed a wizard
 15646 | Volcano  | Noticed a wizard
 15646 | Volcano  | Noticed a wizard
 15652 | Volcano  | Killed a wizard
 15654 | Volcano  | Killed a wizard
 15654 | Volcano  | Reached skill level 5 in Shields
 15657 | Volcano  | Killed a wizard
 15687 | Volcano  | Reached skill level 9 in Invocations
 15838 | Volcano  | Noticed a wizard
 15847 | Volcano  | Killed a wizard
 16401 | Volcano  | Noticed a wizard
 16412 | Volcano  | Killed a wizard
 16412 | Volcano  | Reached ***** piety under Cheibriados
 16412 | Volcano  | Reached XP level 12. HP: 68/108 MP: 9/22
 16945 | Lair:1   | Noticed a six-headed hydra
 16948 | Lair:1   | Noticed a six-headed hydra
 16948 | Lair:1   | Noticed a seven-headed hydra
 17005 | D:9      | Learned a level 4 spell: Sticky Flame
 17052 | Orc:1    | Entered Level 1 of the Orcish Mines
 17623 | Orc:1    | Reached skill level 5 in Maces & Flails
 17643 | Orc:1    | Noticed a two-headed ogre
 17997 | Orc:1    | Killed a two-headed ogre
 17998 | Orc:1    | Noticed an ogre mage
 18067 | Orc:1    | Killed an ogre mage
 18482 | Orc:1    | Found Liutoez's Armour Emporium.
 18703 | Orc:2    | Entered Level 2 of the Orcish Mines
 18907 | Orc:2    | Found a staircase to the Elven Halls.
 19071 | Orc:1    | Reached ****** piety under Cheibriados
 19345 | Orc:2    | Noticed Jorgrun
 19382 | Orc:1    | Noticed a two-headed ogre
 19382 | Orc:1    | Noticed Erolcha
 19393 | Orc:2    | Killed a two-headed ogre
 19393 | Orc:2    | Reached skill level 5 in Conjurations
 19393 | Orc:2    | Reached skill level 5 in Fire Magic
 19510 | Orc:1    | Learned a level 5 spell: Summon Mana Viper
 19670 | D:11     | Reached skill level 10 in Invocations
 19670 | D:11     | Gained mutation: You can use your snake-like lower body to
                  | constrict enemies. [Naga growth]
 19670 | D:11     | Reached XP level 13. HP: 117/117 MP: 10/24
 19675 | D:11     | Reached skill level 1 in Short Blades
 19919 | D:11     | You fall through a shaft!
 20063 | D:12     | Found an iron altar of Okawaru.
 20127 | D:12     | Got a fine war axe
 20128 | D:12     | Identified 2 scrolls of acquirement
 20130 | D:12     | Identified the +7 war axe "Gieji" {flame, Str+4} (You found
                  | it on level 12 of the Dungeon)
 20809 | D:11     | Learned a level 5 spell: Fireball
 20809 | D:11     | Reached XP level 14. HP: 128/128 MP: 26/26
 21267 | D:9      | Reached skill level 1 in Axes
 21360 | D:9      | Noticed Titania's ghost (novice GrEE)
 21382 | D:9      | Killed Titania's ghost
 21624 | Lair:1   | Noticed Urug
 21635 | Lair:1   | Killed Urug
 21851 | Lair:1   | Reached skill level 11 in Invocations
 21862 | Lair:1   | Noticed Fannar
 21878 | Lair:1   | Killed Fannar
 21878 | Lair:1   | Reached skill level 1 in Hexes
 21878 | Lair:1   | Reached skill level 1 in Summonings
 23320 | Lair:2   | Found a staircase to the Shoals.
 24205 | Lair:3   | Reached XP level 15. HP: 104/137 MP: 24/28
 25173 | D:9      | Found the -2 hat of the Alchemist {rElec rPois rF+ rC+ rN+
                  | MR+ rMut rCorr}
 25276 | Lair:4   | Found a staircase to the Snake Pit.
 25357 | Lair:4   | Reached skill level 10 in Fighting
 25480 | Lair:4   | Found a large runed translucent door.
 25542 | Lair:4   | Found a large runed translucent door.
 25546 | Lair:4   | Noticed voshxx's ghost (journeyman MiFi)
 26083 | Lair:4   | Killed voshxx's ghost
 27256 | Lair:6   | Entered Level 6 of the Lair of Beasts
 27444 | Lair:6   | Found a staircase to the Slime Pits.
 28103 | Lair:6   | Reached skill level 5 in Axes
 28103 | Lair:6   | Reached skill level 12 in Invocations
 28386 | Lair:6   | Reached skill level 5 in Summonings
 28888 | Orc:2    | Reached skill level 10 in Spellcasting
 28893 | Orc:2    | Reached XP level 16. HP: 32/147 MP: 22/30
 28896 | Orc:2    | Mangled by a two-headed ogre

Skill      XL: |  1  2  3  4  5  6  7  8  9 10 11 12 13 14 15 16 |
---------------+-------------------------------------------------+-----
Air Magic      | 1 2 |  2.0
Dodging        | 2 |  2.0
Fighting       | 1 2 3 4 5 6 7 8 9 10 | 10.8
Poison Magic   | 5 6 7 8 9 10 11 | 11.0
Stealth        | 4 5 6 7 8 9 |  9.0
Conjurations   | 2 3 5 6 7 |  7.0
Spellcasting   | 3 4 5 6 7 8 9 10 | 10.1
Maces & Flails | 1 3 4 5 6 |  6.0
Shields        | 2 3 4 5 6 7 8 |  8.8
Invocations    | 2 5 7 9 10 11 12 | 12.4
Fire Magic     | 1 3 5 6 |  6.0
Short Blades   | 2 |  2.5
Axes           | 3 5 6 |  6.0
Hexes          | 2 3 |  3.0
Summonings     | 2 5 |  5.8

Action                   |  1- 3 |  4- 6 |  7- 9 | 10-12 | 13-15 | 16-18 || total
-------------------------+-------+-------+-------+-------+-------+-------++-------
Melee: Whip              |    73 |    65 |       |       |       |       ||   138
       Unarmed           |     3 |       |       |       |       |       ||     3
       Dire flail        |       |    20 |   174 |   126 |       |       ||   320
       Morningstar       |       |       |       |   178 |    30 |       ||   208
       War axe           |       |       |       |       |   438 |     1 ||   439
       Constrict         |       |       |       |       |   130 |       ||   130
 Fire: Hunting sling     |       |       |    78 |    10 |       |       ||    88
Throw: Stone             |       |       |       |     4 |     6 |       ||    10
 Cast: Sting             |    16 |     5 |     1 |       |     2 |       ||    24
       Poisonous Vapours |    23 |    32 |    97 |   214 |   122 |       ||   488
       Mephitic Cloud    |       |     1 |     1 |    12 |     2 |       ||    16
       Olgreb's Toxic Ra |       |       |     3 |    16 |    19 |     1 ||    39
       Sticky Flame      |       |       |       |     3 |    14 |       ||    17
       Fireball          |       |       |       |       |     6 |       ||     6
Invok: Bend Time         |       |       |     1 |     2 |       |       ||     3
       Temporal Distorti |       |       |     1 |     2 |       |       ||     3
       Slouch            |       |       |       |       |       |     2 ||     2
 Abil: Spit Poison       |     4 |     9 |    14 |     4 |       |       ||    31
  Use: Scroll            |       |    13 |     7 |     8 |     9 |       ||    37
       Potion            |       |       |       |     3 |     1 |       ||     4
 Stab: Sleeping          |     4 |     1 |     5 |     4 |    31 |       ||    45
       Confused          |       |       |       |     5 |     4 |       ||     9
       Distracted        |       |       |       |       |     2 |       ||     2
  Eat: Chunk             |     4 |     9 |    15 |    18 |    20 |       ||    66
       Ration            |       |       |     1 |     1 |       |       ||     2
Armor: Robe              |    35 |    29 |    94 |   115 |   172 |       ||   445
Dodge: Dodged            |    64 |    56 |   121 |   150 |   198 |       ||   589
Block: Shield            |       |       |       |   132 |   381 |     3 ||   516
